 Dungeon Crawl Stone Soup version 0.31.0-2-g5a2aebc5c2 (webtiles) character file.

Game seed: 3962872237507601221

102 groovy9 the Chopper (level 4, -1/41 HPs)
             Began as a Hill Orc Fighter on Jan 21, 2024.
             Was a Follower of Nemelex Xobeh.
             Slain by Grinder (6 damage)
             ... while paralysed by Grinder
             ... on level 3 of the Dungeon.
             The game lasted 00:05:07 (1946 turns).

groovy9 the Chopper (Hill Orc Fighter)              Turns: 1946, Time: 00:05:07

Health: -1/41      AC:  7    Str: 20    XL:     4   Next: 77%
Magic:  4/4        EV:  2    Int:  8    God:    Nemelex Xobeh [*.....]
Gold:   106        SH:  0    Dex: 10    Spells: 3/3 levels left

rFire   . . .        a - +0 war axe
rCold   . . .        c - +0 buckler
rNeg    . . .        b - +0 scale mail
rPois   .            (no helmet)
rElec   .            (no cloak)
rCorr   .            (no gloves)
SInv    +            (no boots)
Will    .....        (no amulet) Stlth
                     l - ring of see invisible
HPRegen 0.26/turn    (no ring)
MPRegen 0.09/turn

%: no passive effects
@: paralysed
A: no striking features
a: Renounce Religion, Draw Escape, Draw Destruction, Draw Summoning


You were on level 3 of the Dungeon.
You worshipped Nemelex Xobeh.
Nemelex Xobeh was aware of your devotion.
You visited 1 branch of the dungeon, and saw 3 of its levels.

You collected 106 gold pieces.

Inventory:

Hand Weapons
 a - a +0 war axe (weapon)
Missiles
 d - a throwing net (quivered)
Armour
 b - a +0 scale mail (worn)
 c - a +0 buckler (worn)
Jewellery
 l - a ring of see invisible (left hand)
 o - a ring of magical power
Scrolls
 g - a scroll of vulnerability {unknown}
 i - 2 scrolls of identify {unknown}
 j - a scroll of teleportation {unknown}
 n - a scroll of butterflies {unknown}
Potions
 e - a potion of degeneration {unknown}
 f - 2 potions of magic {unknown}
 h - 4 potions of curing {unknown}
 k - a potion of ambrosia {unknown}
 m - a potion of attraction {unknown}


   Skills:
 + Level 4.4 Fighting
 * Level 4.9 Axes
 + Level 4.0 Armour
 - Level 3.2 Shields
 + Level 0.1 Invocations


You had 3 spell levels left.
You didn't know any spells.
Your spell library contained the following spells:

 Spells                   Type           Power      Damage    Failure   Level
 Apportation              Tloc           0%         N/A       83%         1
 Kiss of Death            Conj/Necr      0%         2d5       83%         1
 Jinxbite                 Hex            0%         N/A       92%         2
 Call Canine Familiar     Summ           0%         N/A       99%         3
 Confusing Touch          Hex            0%         N/A       99%         3
 Sigil of Binding         Hex            0%         N/A       99%         3
 Dimensional Bullseye     Hex/Tloc       0%         N/A       100%        4
 Dispel Undead            Necr           0%         3d6       100%        4
 Alistair's Intoxication  Alch           0%         N/A       100%        5


Dungeon Overview and Level Annotations

Branches:
Dungeon (3/15)

Altars:
Cheibriados
Nemelex Xobeh

Annotations:
D:3 Grinder


Message History

No target in view!
No target in view!
No target in view!
No target in view!
No target in view!
No target in view!
No target in view!
Things that are here:
a +0 short sword; a +0 robe Grinder comes into view.
Okay, then.
Okay, then.
Grinder blinks!
Grinder blinks!
No target in view!
Grinder hits you but does no damage.
You slash Grinder!
Grinder is moderately wounded.
Grinder hits you but does no damage.
Grinder blinks!
Grinder barely misses you.
You closely miss Grinder.
Grinder is moderately wounded.
Grinder blinks!
Grinder gestures at you. Pain shoots through your body!
You hit Grinder but do no damage.
Grinder is moderately wounded.
Grinder hits you.
You writhe in agony.
You hit Grinder.
Grinder is moderately wounded.
Grinder gestures at you.
You suddenly lose the ability to move!
Grinder gestures at you. Pain shoots through your body! Grinder hits you!
* * * LOW HITPOINT WARNING * * *
You writhe in agony.
You die...
Grinder says, "Hey, I wasn't done torturing you yet!"
Your body disappears without a glow.

#.# #.# #.# ..
#.# ... #.# #.#
#.# #.# ##.## #.#
#######.@.# #.#
........#5#
######.##
#######...#
#........ ##.##
#.####.## #.# #.#
#.# #.# #.# #†#
#.########.# #.#
#..).......####.#
#......)........#


You could see Grinder.

Vanquished Creatures
  An orc wizard (D:2)
  A dart slug (D:1)
  3 orcs
  2 ball pythons
  2 endoplasms (D:2)
  2 giant cockroaches
  9 goblins
  6 hobgoblins
  6 jackals
  4 quokkas
  8 bats
  3 frilled lizards
  11 kobolds
  9 rats
67 creatures vanquished.

Notes
Turn   | Place    | Note
-------+----------+-------------------------------------------
     0 | D:1      | groovy9 the Hill Orc Fighter began the quest for the Orb.
     0 | D:1      | Reached XP level 1. HP: 19/19 MP: 1/1
    53 | D:1      | Reached XP level 2. HP: 27/27 MP: 2/2
   282 | D:1      | Reached XP level 3. HP: 33/33 MP: 3/3
  1111 | D:2      | Reached XP level 4. HP: 3/40 MP: 4/4
  1702 | D:3      | Found a faded altar of an unknown god.
  1772 | D:3      | Prayed at the altar of an unknown god.
  1772 | D:3      | Became a worshipper of Nemelex Xobeh the Trickster
  1772 | D:3      | Reached * piety under Nemelex Xobeh
  1822 | D:3      | Found a snail-covered altar of Cheibriados.
  1931 | D:3      | Noticed Grinder
  1944 | D:3      | Paralysed by Grinder for 5 turns
  1946 | D:3      | Slain by Grinder

Illustrated notes

Levels and vault maps discovered:
D:1:      onia_arrival_handbag, layout_rooms, nicolae_eternal_life
D:2:      layout_loops_ring, nicolae_kite_square_tiling_tiny
D:3:      layout_loops_ring, lemuel_crystal_altar, amcnicky_altar_gilded,
          hellmonk_ecumenical_altar_leap_of_faith, uniq_grinder

Skill      XL: |  1  2  3  4 |
---------------+-------------+-----
Axes           | 3 4 |  4.9
Fighting       | 4 |  4.4
Armour         | 4 |  4.0
Shields        | |  3.2
Invocations    | |  0.1

Action                     |  1- 3 |  4- 6 || total
---------------------------+-------+-------++-------
  Melee: War axe           |   106 |    64 ||   170
    Use: Potion            |     1 |       ||     1
 Armour: Scale mail        |   102 |    38 ||   140
  Dodge: Dodged            |    63 |    25 ||    88
  Block: Buckler           |    27 |    15 ||    42
